 Dungeon Crawl Stone Soup version 0.29.1-15-g9cfb28693d (webtiles) character file.

Game seed: 16403642750740755559

359 LustLizard the Ruffian (level 6, -1/48 HPs)
             Began as a Demigod Transmuter on Mar 27, 2023.
             Slain by Pikel
             ... wielding a +1 whip of electrocution
              (13 damage)
             ... on level 5 of the Dungeon.
             The game lasted 00:08:29 (5231 turns).

LustLizard the Ruffian (Demigod Transmuter)         Turns: 5231, Time: 00:08:29

Health: -1/48      AC:  4    Str: 15    XL:     6   Next: 14%
Magic:  12/12      EV: 15    Int: 19    God:
Gold:   230        SH:  0    Dex: 14    Spells: 2/9 levels left

rFire   . . .      SeeInvis +     - Unarmed
rCold   . . .      Faith    .   (no shield)
rNeg    . . .      Spirit   .   k - +0 leather armour
rPois   .          Reflect  .   (helmet currently unavailable)
rElec   .          Harm     .   (no cloak)
rCorr   .          Rampage  .   r - +0 pair of gloves
Will    .....                   (boots currently unavailable)
Stlth   ++........              (no amulet)
HPRegen 0.16/turn               e - ring of see invisible
MPRegen 0.13/turn               m - +4 ring of evasion

@: appendages (expiring)
A: horns 2, talons 2, high MP 1, forlorn, divine attributes
a: End Transformation


You were on level 5 of the Dungeon.
You had temporarily grown beastly horns and talons.
You visited 1 branch of the dungeon, and saw 5 of its levels.

You collected 230 gold pieces.

Inventory:

Hand Weapons
 c - a +0 whip
Armour
 a - a +0 robe
 k - a +0 leather armour (worn)
 r - a +0 pair of gloves (worn)
Jewellery
 e - a ring of see invisible (left hand)
 m - a +4 ring of evasion (right hand)
Scrolls
 g - a scroll of enchant weapon {unknown}
 j - 3 scrolls of enchant armour {unknown}
 l - a scroll of vulnerability {unknown}
 o - a scroll of noise {unknown}
 q - a scroll of butterflies {unknown}
Potions
 b - a potion of lignification
 d - 3 potions of flight
 h - 2 potions of brilliance
 i - a potion of degeneration {unknown}
 n - 2 potions of ambrosia
 p - a potion of cancellation


   Skills:
 + Level 1.9 Fighting
 - Level 1.7 Dodging
 + Level 1.8 Stealth
 * Level 4.1 Unarmed Combat
 + Level 2.4 Spellcasting
 * Level 3.4 Transmutations
 * Level 1.9 Ice Magic


You had 2 spell levels left.
You knew the following spells:

 Your Spells              Type           Power      Damage    Failure   Level
a - Beastly Appendage     Tmut           30%        N/A       4%          1
b - Wereblood             Tmut           15%        N/A       8%          2
c - Ice Form              Ice/Tmut       12%        N/A       54%         4

Your spell library contained the following spells:

 Spells                   Type           Power      Damage    Failure   Level
 Spider Form              Tmut/Pois      8%         N/A       28%         3


Dungeon Overview and Level Annotations

Branches:
Dungeon (5/15)
 Temple: D:4-7

Shops:
D:2 :   D:3 *

Annotations:
D:4 Grinder
D:5 Pikel


Innate Abilities, Weirdness & Mutations

You have temporarily grown beastly horns and talons.
You have an increased reservoir of magic. (+10% MP)
You shall have no god before yourself.
Your divine heritage dramatically boosts your attributes as you level up.


Message History

Grinder says, "You look like you could use a good racking."
Grinder barely misses you.
You hit Grinder. You headbutt Grinder.
Grinder is lightly wounded.
Grinder closely misses you.
You barely miss Grinder. You claw Grinder.
Grinder is moderately wounded.
Grinder misses you. Grinder gestures at you.
You suddenly lose the ability to move!
Grinder hits you but does no damage.
Pikel hits you with a +1 whip of electrocution.
Grinder gestures at you.
You struggle to resist.
You can move again.
Grinder attacks as you move away! Grinder misses you.
Pikel attacks as you move away! Pikel hits you but does no damage.
You are electrocuted!
Grinder attacks as you move away! Grinder closely misses you.
There is a stone staircase leading down, spattered with blood here.
Pikel hits you with a +1 whip of electrocution.
Grinder blinks!
You climb downwards.
The hound bites you but does no damage. The hound closely misses you.
There is a stone staircase leading up here.
You barely miss Pikel. You claw Pikel.
Pikel is lightly wounded.
The hound misses you.
You closely miss Pikel. You claw Pikel. Your headbutt misses Pikel.
Pikel is moderately wounded.
Your transformation is almost over.
The hound closely misses you.
Pikel hits you with a +1 whip of electrocution.
The hound bites you but does no damage.
You hit Pikel but do no damage. Your kick misses Pikel.
Pikel is moderately wounded.
Pikel hits you with a +1 whip of electrocution.
* * * LOW HITPOINT WARNING * * *
You are electrocuted!
You die...

.....
.....
......
.....#
#.....#
##.......
#K.......
#@.......
#h.......
#........
#........
##.......
#.....#
######


You could see Pikel and a hound.

Vanquished Creatures
  Menkaure (D:4)
  4 lemures
  A jelly (D:4)
  An iguana (D:4)
  An orc wizard (D:4)
  3 gnolls (D:4)
  4 adders
  2 worms (D:2)
  2 dart slugs
  7 orcs
  4 bats (D:1)
  11 endoplasms
  3 giant cockroaches
  4 goblins
  8 hobgoblins
  3 jackals (D:2)
  8 kobolds
  3 quokkas
  9 ball pythons
  A frilled lizard (D:1)
  6 rats
86 creatures vanquished.

Notes
Turn   | Place    | Note
-------+----------+-------------------------------------------
     0 | D:1      | LustLizard the Demigod Transmuter began the quest for the
                  | Orb.
     0 | D:1      | Reached XP level 1. HP: 15/15 MP: 5/5
    85 | D:1      | Reached skill level 1 in Fighting
   333 | D:1      | Reached XP level 2. HP: 17/23 MP: 5/7
   554 | D:1      | Reached skill level 3 in Unarmed Combat
  1265 | D:2      | Reached XP level 3. HP: 26/28 MP: 6/8
  1328 | D:1      | Learned a level 2 spell: Wereblood
  1402 | D:2      | HP: 1/28 [giant cockroach (2)]
  2084 | D:2      | Found Fefaeg's Book Shoppe.
  2418 | D:3      | Reached skill level 1 in Stealth
  2418 | D:3      | Reached XP level 4. HP: 32/35 MP: 7/9
  2458 | D:3      | Learned a level 4 spell: Ice Form
  2834 | D:3      | Identified the +10 hand axe "Qelog" {venom, Dex+4}
  3070 | D:3      | Found Zin's Purification Station.
  3335 | D:4      | Noticed Pikel
  3335 | D:4      | Noticed a lemure
  3335 | D:4      | Noticed a lemure
  3335 | D:4      | Noticed a lemure
  3335 | D:4      | Noticed a lemure
  3562 | D:4      | Noticed Grinder
  3603 | D:4      | Noticed Menkaure
  3641 | D:4      | Killed Menkaure
  3642 | D:4      | Reached skill level 4 in Unarmed Combat
  3642 | D:4      | Reached skill level 1 in Ice Magic
  3642 | D:4      | Reached XP level 5. HP: 6/41 MP: 9/11
  5001 | D:5      | Entered Level 5 of the Dungeon
  5010 | D:4      | Reached XP level 6. HP: 39/48 MP: 12/12
  5095 | D:5      | Noticed a water moccasin
  5218 | D:4      | Paralysed by Grinder for 4 turns
  5231 | D:5      | Slain by Pikel

Illustrated notes

Levels and vault maps discovered:
D:1:      wheals_arrival_linesprint, layout_loops_ring
D:2:      layout_rooms, serial_shops, shop, minmay_tromino_v4_b
D:3:      layout_rooms, zin_purify, marbit_many_paths,
          hellmonk_ecumenical_altar_blasted, eino_tiny_chamber, chequers_garden,
          minmay_strange_pillars, item_on_display_a
D:4:      layout_rooms, mainiacjoe_overflow_cross_hatched,
          mainiacjoe_overflow_six_doors_small, uniq_pikel, uniq_grinder,
          uniq_menkaure
D:5:      due_chaos_kobolds, layout_rooms, mainiacjoe_overflow_catwalk,
          ashenzari_conservatory_becter, dk_noncrumbling_2, grunt_ministairs_13

Skill      XL: |  1  2  3  4 |
---------------+-------------+-----
Fighting       | 1 |  1.9
Transmutations | 2 3 |  3.4
Unarmed Combat | 3 4 |  4.1
Spellcasting   | 2 |  2.4
Stealth        | 1 |  1.8
Ice Magic      | 1 |  1.9
Dodging        | |  1.7

Action                   |  1- 3 |  4- 6 || total
-------------------------+-------+-------++-------
Melee: Unarmed           |   117 |   143 ||   260
       Headbutt          |    24 |    18 ||    42
       Kick              |    22 |    47 ||    69
       Punch             |     1 |     2 ||     3
 Cast: Beastly Appendage |    25 |    21 ||    46
       Wereblood         |       |     2 ||     2
  Use: Scroll            |     2 |     3 ||     5
       Potion            |       |     1 ||     1
 Stab: Sleeping          |     1 |     1 ||     2
Armor: Robe              |    11 |       ||    11
       Leather armour    |    18 |    27 ||    45
Dodge: Dodged            |    79 |   117 ||   196
